 Dungeon Crawl Stone Soup version 0.20.1-1-g8b1a95d (webtiles) character file.

4934 Feta the Fighter (level 10, -6/114 HPs)
             Began as an Ogre Hunter on Nov 27, 2017.
             Was a High Priest of Jiyva.
             Mangled by a komodo dragon (15 damage)
             ... on level 1 of the Lair of Beasts.
             The game lasted 00:26:49 (10465 turns).

Feta the Fighter (Ogre Hunter)                     Turns: 10465, Time: 00:26:50

Health: -6/114     AC: 11    Str: 12    XL:     10   Next: 52%
Magic:  10/10      EV: 18    Int: 10    God:    Jiyva [*****.]
Gold:   104        SH:  0    Dex: 20    Spells: 9/9 levels left

rFire    + . .     SeeInvis .   a - +0 giant spiked club
rCold    + . .     Gourm    .   (shield currently unavailable)
rNeg     . . .     Faith    .   g - +2 robe {rC+ rF+}
rPois    .         Spirit   .   (helmet restricted)
rElec    .         Reflect  .   J - +0 cloak
rCorr    +         Harm     .   (gloves unavailable)
MR       +....                  (boots unavailable)
Stlth    ++........             (no amulet)
Regen    0.3/turn               m - +5 ring of protection
MPRegen  0.2/turn               w - +4 ring of evasion

@: no status effects
A: unfitting armour, tough skin 1, evolution 1
a: Request Jelly, Slimify, Cure Bad Mutation, Renounce Religion


You were on level 1 of the Lair of Beasts.
You worshipped Jiyva.
Jiyva was extremely pleased with you.
You were not hungry.

You visited 2 branches of the dungeon, and saw 10 of its levels.

You collected 146 gold pieces.
You spent 42 gold pieces at shops.

Inventory:

Hand Weapons
 a - a +0 giant spiked club (weapon)
 q - a +0 club
 v - a +0 giant club
 y - a +0 flail
 A - a +0 whip
 H - a +4 quarterstaff of chaos
 I - the +1 mace of Woucoqeu {crush, rPois Str+2 Stlth+}
   (You found it on level 5 of the Dungeon)

   It inflicts extra damage upon your enemies.
   It affects your strength (+2).
   It protects you from poison.
   It makes you more stealthy.
Missiles
 d - 2 throwing nets
 o - 36 sling bullets
 p - 128 stones
 t - 33 bolts
 E - 7 poisoned needles
 F - 2 large rocks (quivered)
 K - 48 arrows
Armour
 g - a +2 robe of resistance (worn)
 J - a +0 cloak (worn)
Jewellery
 m - a +5 ring of protection (left hand)
 w - a +4 ring of evasion (right hand)
 D - an uncursed ring of flight
Wands
 G - a wand of acid (1/15)
 M - a wand of polymorph (14/24)
Scrolls
 h - 2 scrolls of remove curse
 j - 3 scrolls of enchant armour
 k - a scroll of noise {unknown}
 n - a scroll of fog {unknown}
 r - 2 scrolls of amnesia {unknown}
 u - 2 scrolls of teleportation
 z - 3 scrolls of magic mapping {unknown}
 B - a scroll of random uselessness {unknown}
 C - a scroll of blinking {unknown}
Potions
 b - a potion of flight
 c - a potion of berserk rage
 e - 3 potions of haste
 i - a potion of curing
 l - 3 potions of agility
Comestibles
 f - 3 bread rations
 s - 2 fruits
 x - 2 meat rations


   Skills:
 + Level 11.5 Fighting
 + Level 5.4 Maces & Flails
 + Level 9.7 Throwing
 - Level 6.0 Dodging
 - Level 0.6 Stealth


You had 9 spell levels left.
You didn't know any spells.

Dungeon Overview and Level Annotations

Branches:
Dungeon (9/15)             Temple (0/1) D:4            Lair (1/6) D:9
    Orc: D:9-12

Altars:
Cheibriados
Dithmenos
Elyvilon
Gozag
Makhleb
Qazlal
Sif Muna
The Shining One
Jiyva

Shops:
D:6 (   D:7 !


Innate Abilities, Weirdness & Mutations

You are too large for most types of armour.
You have tough skin. (AC +1)
You evolve.


Message History

The komodo dragon is moderately wounded.
The komodo dragon bites you but does no damage.
The komodo dragon bites you!!
* * * LOW HITPOINT WARNING * * *
Unknown command.
You hit the komodo dragon but do no damage.
The komodo dragon is moderately wounded.
The komodo dragon closely misses you.
Unknown command.
You puncture the komodo dragon!
The komodo dragon is heavily wounded.
The komodo dragon bites you.
* * * LOW HITPOINT WARNING * * *
The komodo dragon bites you!!
* * * LOW HITPOINT WARNING * * *
Unknown command.
You puncture the komodo dragon!
The komodo dragon is almost dead.
The komodo dragon bites you!
You die...

### ### #....
####.####.###....
#................
##...###.###.....
#...##### ##....
#...P#P###.P.... #
####.....P.........
.##P##l#P.#..J......≈;≈P
.......@..........P.≈≈≈≈
...............P.PP ≈≈≈≈
.####..#####.P...≈≈ ###
...≈.≈; ....≈≈≈ ....≈≈≈
..?


You could see a komodo dragon and a neutral ooze (fellow slime).

Vanquished Creatures
  A centaur warrior (D:9)
  The ghost of pichaelthompson the Skirmisher, a novice DsBe of Trog (D:9)
  The ghost of Feta the Skirmisher, a novice OgHu (D:5)
  The ghost of soepske the Skirmisher, a novice FoMo of Elyvilon (D:6)
  A manticore (D:9)
  A cyclops (D:9)
  A hippogriff (D:9)
  2 hungry ghosts (D:9)
  Duvessa (D:5)
  2 orc warriors
  A sky beast (D:6)
  A necrophage (D:9)
  3 phantoms
  4 ogres
  3 centaurs
  A crocodile (D:9)
  4 bullfrogs
  Dowan (D:5)
  2 scorpions
  6 killer bees (D:8)
  A crimson imp (D:7)
  A hound (D:5)
  Crazy Yiuf (D:5)
  An orc priest (D:8)
  An orc wizard (D:6)
  A centaur skeleton (D:8)
  Jessica (D:2)
  Ijyb (D:5)
  4 worker ants
  A worker ant zombie (D:7)
  8 adders
  A gnoll (D:8)
  3 worms
  An adder skeleton (D:4)
  2 dart slugs
  7 leopard geckos
  8 orcs
  3 ball pythons
  8 bats
  4 giant cockroaches
  5 goblins
  7 hobgoblins
  3 jackals (D:1)
  3 quokkas
  5 frilled lizards
  10 kobolds
  7 rats
136 creatures vanquished.

Vanquished Creatures (others)
  An oklob plant (Lair:1)
  A tengu conjurer (D:9)
  Prince Ribbit (D:5)
  A hippogriff (D:4)
  An orc warrior (D:9)
  An ice beast (D:9)
  A centaur (D:7)
  An ogre (D:7)
  2 phantoms
  3 bullfrogs
  A gnoll sergeant (D:8)
  A wyvern skeleton (D:9)
  2 scorpions
  A killer bee (D:8)
  A howler monkey (D:4)
  2 crimson imps
  57 jellies
  An orc priest (D:5)
  A hound (D:6)
  A quasit (D:7)
  4 orc wizards
  A bullfrog skeleton (D:4)
  2 centaur skeletons
  An iguana (D:8)
  6 worker ants
  An ooze (Lair:1)
  A hound zombie (D:5)
  A howler monkey skeleton (D:5)
  2 gnolls (D:8)
  3 adders
  A shadow imp (D:6)
  An adder zombie (D:6)
  2 adder skeletons (D:7)
  A worm (D:4)
  A dart slug (D:3)
  13 orcs
  3 quokkas
  A frilled lizard (D:4)
  A jackal skeleton (D:5)
  2 leopard gecko skeletons
  11 fungi
  2 plants (D:9)
142 creatures vanquished.

Grand Total: 278 creatures vanquished

Notes
Turn   | Place    | Note
-------+----------+-------------------------------------------
     0 | D:1      | Feta the Ogre Hunter began the quest for the Orb.
     0 | D:1      | Reached XP level 1. HP: 22/22 MP: 1/1
   313 | D:1      | Reached skill level 3 in Fighting
   329 | D:1      | Reached XP level 2. HP: 31/31 MP: 2/2
   603 | D:1      | Reached XP level 3. HP: 37/37 MP: 3/3
  1145 | D:2      | Noticed Jessica
  1422 | D:2      | Killed Jessica
  1422 | D:2      | Reached XP level 4. HP: 9/48 MP: 4/4
  1905 | D:2      | Reached skill level 4 in Fighting
  2215 | D:3      | Reached XP level 5. HP: 45/55 MP: 5/5
  2301 | D:3      | Found a faded altar of an unknown god.
  2304 | D:3      | Became a worshipper of Jiyva Jetolac the Shapeless
  2304 | D:3      | Reached * piety under Jiyva
  2849 | D:3      | Found a white marble altar of Elyvilon.
  3032 | D:3      | Found a deep blue altar of Sif Muna.
  3032 | D:3      | Found a snail-covered altar of Cheibriados.
  3037 | D:3      | Found a stormy altar of Qazlal.
  3039 | D:3      | Found a burning altar of Makhleb.
  3040 | D:3      | Found an opulent altar of Gozag.
  3115 | D:4      | Noticed a hippogriff
  3127 | D:4      | Reached ** piety under Jiyva
  3134 | D:4      | Killed a hippogriff
  3134 | D:4      | Reached skill level 5 in Fighting
  3134 | D:4      | Reached skill level 5 in Throwing
  3134 | D:4      | Reached XP level 6. HP: 9/66 MP: 6/6
  3938 | D:4      | Found a staircase to the Ecumenical Temple.
  3970 | D:5      | Entered Level 5 of the Dungeon
  4003 | D:5      | Noticed a phantom
  4010 | D:5      | Reached *** piety under Jiyva
  4025 | D:5      | Noticed Duvessa
  4038 | D:5      | Noticed Dowan
  4068 | D:4      | Killed a phantom
  4068 | D:4      | Reached XP level 7. HP: 23/74 MP: 7/7
  4308 | D:5      | Killed Duvessa
  4308 | D:5      | Reached skill level 6 in Fighting
  4320 | D:5      | Killed Dowan
  4772 | D:5      | Noticed Ijyb
  4789 | D:5      | Killed Ijyb
  5060 | D:5      | Noticed Prince Ribbit
  5097 | D:5      | Killed Prince Ribbit
  5097 | D:5      | Reached skill level 7 in Fighting
  5097 | D:5      | Reached XP level 8. HP: 87/87 MP: 3/8
  5101 | D:5      | Found a runed door.
  5140 | D:5      | Noticed Crazy Yiuf
  5144 | D:5      | Killed Crazy Yiuf
  5144 | D:5      | Reached skill level 5 in Dodging
  5147 | D:5      | Gained mutation: You are partially covered in icy blue scales. (AC +2) [Jiyva's grace]
  5150 | D:5      | Got a slimy mace
  5151 | D:5      | Identified the cursed +1 mace of Woucoqeu {crush, rPois Str+2 Stlth+} (You found it on level 5 of the Dungeon)
  5231 | D:5      | Found an opulent altar of Gozag.
  5382 | D:5      | Noticed Feta's ghost (novice OgHu)
  5392 | D:5      | Killed Feta's ghost
  5805 | D:6      | Reached skill level 8 in Fighting
  5819 | D:6      | Gained mutation: You have a beak for a mouth. [Jiyva's grace]
  5830 | D:6      | Noticed soepske's ghost (novice FoMo)
  5830 | D:6      | Reached **** piety under Jiyva
  5893 | D:6      | Found a stormy altar of Qazlal.
  6337 | D:6      | Noticed a water elemental
  6338 | D:6      | Noticed an air elemental
  6348 | D:6      | Killed soepske's ghost
  6365 | D:6      | Found Vughicseobb's Weapon Shop.
  6748 | D:7      | Reached XP level 9. HP: 97/97 MP: 9/9
  6775 | D:7      | Reached skill level 9 in Fighting
  6775 | D:7      | Reached skill level 1 in Maces & Flails
  6775 | D:7      | Lost mutation: You are partially covered in icy blue scales. (AC +2) [Jiyva's grace]
  7154 | D:7      | Found a glowing golden altar of the Shining One.
  7160 | D:7      | Found a shadowy altar of Dithmenos.
  7282 | D:7      | Found Yhyny's Distillery.
  7285 | D:7      | Bought a potion of lignification for 42 gold pieces
  7424 | D:8      | Gained mutation: You are robust. (+10% HP) [Jiyva's grace]
  8061 | D:8      | Lost mutation: You are robust. (+10% HP) [Jiyva's grace]
  8423 | D:8      | Reached ***** piety under Jiyva
  8676 | D:9      | Noticed a manticore
  8677 | D:9      | Noticed a cyclops
  9036 | D:9      | Lost mutation: You have a beak for a mouth. [Jiyva's grace]
  9071 | D:9      | Noticed a centaur warrior
  9093 | D:9      | Killed a centaur warrior
  9093 | D:9      | Reached skill level 10 in Fighting
  9148 | D:9      | Gained mutation: You evolve. [Jiyva's grace]
  9241 | D:9      | Noticed a tengu conjurer
  9278 | D:9      | Killed a manticore
  9278 | D:9      | Reached XP level 10. HP: 30/110 MP: 10/10
  9587 | D:9      | HP: 4/110 [cyclops (19)]
  9590 | D:9      | Killed a cyclops
  9590 | D:9      | Reached skill level 11 in Fighting
  9947 | D:9      | Found a staircase to the Lair.
  9976 | D:9      | Noticed pichaelthompson's ghost (novice DsBe)
  9988 | D:9      | Killed pichaelthompson's ghost
  9988 | D:9      | Reached skill level 5 in Maces & Flails
 10378 | Lair:1   | Entered Level 1 of the Lair of Beasts
 10404 | Lair:1   | Noticed an oklob plant
 10410 | Lair:1   | Killed an oklob plant
 10465 | Lair:1   | Mangled by a komodo dragon

Skill      XL: |  1  2  3  4  5  6  7  8  9 10 |
---------------+-------------------------------+-----
Dodging        | 2 3 4 6 |  6.0
Fighting       | 3 4 5 7 8 10 11 | 11.5
Throwing       | 5 6 7 9 |  9.7
Maces & Flails | 4 5 |  5.4
Stealth        | |  0.6

Action                   |  1- 3 |  4- 6 |  7- 9 | 10-12 || total
-------------------------+-------+-------+-------+-------++-------
Melee: Short sword       |    80 |       |       |       ||    80
       Club              |    95 |     6 |       |       ||   101
       Whip              |       |   206 |    24 |       ||   230
       Giant club        |       |       |   242 |       ||   242
       Peck              |       |       |    23 |       ||    23
       Giant spiked club |       |       |    23 |    37 ||    60
Throw: Large rock        |     5 |    20 |       |     3 ||    28
       Stone             |       |    29 |    56 |       ||    85
Invok: Request Jelly     |       |     1 |    37 |     2 ||    40
       Slimify           |       |       |       |     1 ||     1
  Use: Potion            |       |     2 |     2 |     1 ||     5
       Scroll            |       |       |     9 |       ||     9
 Stab: Sleeping          |       |     1 |       |       ||     1
  Eat: Chunk             |     2 |     6 |     1 |     3 ||    12
Armor: Robe              |   102 |   106 |   107 |     8 ||   323
       Skin              |       |       |    40 |       ||    40
Dodge: Dodged            |   125 |   144 |   298 |    34 ||   601
